 Dungeon Crawl Stone Soup version 0.21.0-3-g78d12a8 (webtiles) character file.

201 raph the Poker (level 5, -4/41 HPs)
             Began as a Merfolk Gladiator on Jan 13, 2018.
             Killed by divine providence
             ... invoked by an orc priest
              (12 damage)
             ... on level 3 of the Dungeon.
             The game lasted 00:05:07 (2883 turns).

raph the Poker (Merfolk Gladiator)                  Turns: 2883, Time: 00:05:08

Health: -4/41      AC:  4    Str: 14    XL:     5   Next: 79%
Magic:  5/5        EV: 15    Int:  7    God:
Gold:   47         SH:  0    Dex: 17    Spells: 4/4 levels left

rFire    . . .     SeeInvis .   a - +0 trident
rCold    . . .     Gourm    .   (no shield)
rNeg     . . .     Faith    .   b - +0 leather armour
rPois    .         Spirit   .   c - +0 helmet
rElec    .         Reflect  .   (no cloak)
rCorr    .         Harm     .   (no gloves)
MR       .....                  (no boots)
Stlth    +.........             (no amulet)
HPRegen  0.13/turn              (no ring)
MPRegen  0.09/turn              (no ring)

@: no status effects
A: change form in water, swift swim, stealthy swim
a: no special abilities


You were on level 3 of the Dungeon.
You were not hungry.

You visited 1 branch of the dungeon, and saw 3 of its levels.

You collected 47 gold pieces.

Inventory:

Hand Weapons
 a - a +0 trident (weapon)
Missiles
 d - 3 throwing nets
 l - 6 tomahawks (quivered)
Armour
 b - a +0 leather armour (worn)
 c - a +0 helmet (worn)
Jewellery
 k - an uncursed ring of fire
Scrolls
 e - 2 scrolls of fog {unknown}
 g - 4 scrolls of amnesia {unknown}
 i - 3 scrolls of teleportation {unknown}
 n - 3 scrolls of remove curse {unknown}
 o - 4 scrolls of identify {unknown}
 s - a scroll of noise {unknown}
 t - 2 scrolls of enchant weapon {unknown}
Potions
 h - a potion of might {unknown}
 j - a potion of mutation {unknown}
 m - a potion of lignification {unknown}
 p - 2 potions of heal wounds {unknown}
 q - 3 potions of curing {unknown}
 r - a potion of brilliance {unknown}
 u - a potion of cancellation {unknown}
Comestibles
 f - 3 rations
 v - a chunk of flesh


   Skills:
 + Level 3.6 Fighting
 * Level 7.1 Polearms
 - Level 2.0 Throwing
 + Level 5.4 Dodging


You had 4 spell levels left.
You didn't know any spells.

Dungeon Overview and Level Annotations

Branches:
Dungeon (3/15)

Altars:
Elyvilon
Uskayaw


Message History

You barely resist. The orc priest barely misses you.
Things that are here:
a dagger; a ring mail; an orc corpse You puncture the orc priest!
The orc priest is heavily wounded.
You hit the orc priest but do no damage.
The orc priest is heavily wounded.
The orc priest barely misses you.
You hit the orc priest but do no damage.
The orc priest is heavily wounded.
The orc priest hits you but does no damage.
You hit the orc priest.
The orc priest is almost dead.
The orc priest closely misses you.
You hit the orc priest.
The orc priest is almost dead.
The orc priest mumbles some strange prayers to Beogh against you.
Beogh smites you!
You die...

#.###.# #.#<#.#
####.#.#.# (.#.#.#.#
#.#.#.#.#
#.######.#.#.#.#######
#..oo...o.............
########o#.#.#.######
#@#.#.#.# #.#.#.#.#
#.#.#.#.# #.#.#รท#.#
#.#.#.#.# ..#.#.#.#
###.#.#.####
#..........
#.#...#####


You could see an orc priest and an orc.

Vanquished Creatures
  An orc wizard (D:3)
  Jessica (D:3)
  A worker ant (D:2)
  4 adders
  A gnoll (D:1)
  A worm (D:2)
  4 dart slugs
  2 leopard geckos
  4 orcs (D:3)
  2 ball pythons (D:1)
  7 bats
  A giant cockroach (D:1)
  10 goblins
  5 hobgoblins
  7 kobolds
  A quokka (D:2)
  4 frilled lizards
  7 rats
63 creatures vanquished.

Notes
Turn   | Place    | Note
-------+----------+-------------------------------------------
     0 | D:1      | raph the Merfolk Gladiator began the quest for the Orb.
     0 | D:1      | Reached XP level 1. HP: 16/16 MP: 1/1
   145 | D:1      | Reached skill level 5 in Polearms
   145 | D:1      | Reached XP level 2. HP: 19/23 MP: 2/2
   313 | D:1      | Reached XP level 3. HP: 27/28 MP: 3/3
  1171 | D:2      | Reached skill level 6 in Polearms
  1171 | D:2      | Reached XP level 4. HP: 27/35 MP: 4/4
  1738 | D:2      | Found a white marble altar of Elyvilon.
  1745 | D:2      | Found a hide-covered altar of Uskayaw.
  1895 | D:2      | Reached skill level 5 in Dodging
  2081 | D:2      | Reached XP level 5. HP: 41/41 MP: 5/5
  2445 | D:3      | Noticed Jessica
  2462 | D:3      | Killed Jessica
  2866 | D:3      | Reached skill level 7 in Polearms
  2883 | D:3      | Killed from afar by an orc priest

Skill      XL: |  1  2  3  4  5 |
---------------+----------------+-----
Polearms       | 5 6 7 |  7.1
Fighting       | 3 |  3.6
Dodging        | 5 |  5.4
Throwing       | |  2.0

Action                   |  1- 3 |  4- 6 || total
-------------------------+-------+-------++-------
Melee: Trident           |    88 |   131 ||   219
Throw: Tomahawk          |     1 |       ||     1
 Stab: Sleeping          |     2 |     2 ||     4
       Distracted        |     1 |       ||     1
  Eat: Chunk             |       |     6 ||     6
Armor: Leather armour    |    14 |    22 ||    36
Dodge: Dodged            |    54 |    86 ||   140
